 Dungeon Crawl Stone Soup version 0.31.0-32-g396128a36d (webtiles) character file.

Game seed: 16098295597126183814

774 Sledge the Ducker (level 8, -1/49 HPs)
             Began as a Djinni Fire Elementalist on Mar 10, 2024.
             Was a Follower of Hepliaklqana.
             Slain by a scorpion (3 damage)
             ... on level 6 of the Dungeon.
             The game lasted 00:14:08 (4602 turns).

Sledge the Ducker (Djinni Fire Elementalist)        Turns: 4602, Time: 00:14:08

Health: -1/49      AC:  5    Str: 19      XL:     8   Next: 10%
Gold:   76         EV: 13    Int: 18 (19) God:    Hepliaklqana [*.....] SH:  0 Dex: 11

rFire   + + .        l - +3 long sword of Ru's Righteous Anger {spect, rPois Str+10 Int+2 Dex-3}
rCold   x . .        (no shield)
rNeg    + . .        a - +1 robe
rPois   ∞            (helmet restricted)
rElec   .            (no cloak)
rCorr   .            e - +1 pair of gloves {hurl}
SInv    .            (boots unavailable)
Will    .....        b - amulet of the acrobat
Stlth   ++           g - ring of positive energy
HPRegen 0.28/turn    (no ring)
MPRegen 0.00/turn

%: acrobat, infuse magic (-2 HP)
@: flying
A: reduced essence, sickness immunity, fire resistance 2, cold vulnerability 1,
float, innate caster, HP casting, extra vitality 1, horns 1, deterioration 1
a: Renounce Religion, Recall Ancestor, Ancestor Identity


You were on level 6 of the Dungeon.
You worshipped Hepliaklqana.
Hepliaklqana was aware of your devotion.
You visited 1 branch of the dungeon, and saw 6 of its levels.

You collected 254 gold pieces.
You spent 178 gold pieces at shops.

Inventory:

Hand Weapons
 l - the +3 long sword of Ru's Righteous Anger (weapon) {spect, rPois Str+10 Int+2 Dex-3}
   (You bought it in a shop on level 4 of the Dungeon)

   Str+10:    It affects your strength (+10).
   Int+2:     It affects your intelligence (+2).
   Dex-3:     It affects your dexterity (-3).
   rPois:     It protects you from poison
Armour
 a - a +1 robe (worn)
 e - a +1 pair of gloves of hurling (worn)
Jewellery
 b - an amulet of the acrobat (around neck)
 g - a ring of positive energy (left hand)
Talismans
 m - a beast talisman
Wands
 i - a wand of flame (17)
Scrolls
 k - a scroll of blinking
 n - a scroll of brand weapon
Potions
 c - 3 potions of haste
 d - 2 potions of curing
 f - 3 potions of enlightenment
 h - 2 potions of ambrosia
 j - a potion of berserk rage {unknown}
 o - a potion of brilliance {unknown}
 p - a potion of invisibility {unknown}


   Skills:
 * Level 2.3 Fighting
 * Level 1.2 Long Blades
 - Level 1.9 Maces & Flails
 * Level 2.4 Armour
 * Level 3.8 Dodging
 * Level 3.0 Stealth
 * Level 2.4 Unarmed Combat
 * Level 3.7 Spellcasting
 * Level 3.7 Conjurations
 * Level 3.7 Hexes
 * Level 3.7 Summonings
 * Level 3.7 Necromancy
 * Level 3.7 Translocations
 * Level 3.7 Fire Magic
 * Level 3.7 Ice Magic
 * Level 3.7 Air Magic
 * Level 3.7 Earth Magic
 * Level 3.7 Alchemy
 * Level 1.6 Invocations
 * Level 2.0 Evocations
 * Level 1.2 Shapeshifting


You knew the following spells:

 Your Spells              Type           Power      Damage    Failure   Level
a - Foxfire               Conj/Fire      64%        2x1d7     3%          1
b - Scorch                Fire           32%        2d6       4%          2
c - Volatile Blastmotes   Fire/Tloc      32%        2d12      10%         3
d - Inner Flame           Hex/Fire       16%        N/A       10%         3
e - Flame Wave            Conj/Fire      16%        2d7       32%         4
f - Kiss of Death         Conj/Necr      64%        2d10      3%          1
g - Lesser Beckoning      Tloc           32%        N/A       4%          2
h - Tukima's Dance        Hex            16%        N/A       10%         3
Your spell library was empty.

Dungeon Overview and Level Annotations

Branches:
Dungeon (6/15)
 Temple: D:4-7

Altars:
Hepliaklqana

Shops:
D:4 (


Innate Abilities, Weirdness & Mutations

Your life essence is reduced to manifest your ancestor. (-10% HP)
You are immune to sickness and miasma.
You are immune to poison.
Your flesh is very heat resistant. (rF++)
You are vulnerable to cold. (rC-)
You float through the air rather than walking.
You learn spells naturally, not from books.
Your magical power is your life essence.
You have superior vitality. (+4 MHP)
You have a pair of small horns on your head.
Your body sometimes deteriorates upon taking damage.


Message History

The orc hits Zordon but does no damage.
The orc priest miscasts a cantrip.
The orc hits your +3 long sword of Ru's Righteous Anger {spect, rPois Str+10 Int+2 Dex-3} with a +0 club.
Your spectral weapon shares its damage with you!
* * * LOW HITPOINT WARNING * * *
Zordon barely misses the orc.
The orc priest hits you with a +0 club.
* * * LOW HITPOINT WARNING * * *
You slash the orc priest!
You kill the orc priest!
Your +3 long sword of Ru's Righteous Anger {spect, rPois Str+10 Int+2 Dex-3} disappears.
The orc hits Zordon with a +0 dagger.
Zordon closely misses the orc.
Zordon hits the orc.
The orc hits you but does no damage.
The orc hits Zordon with a +0 dagger.
Your Evocations skill increases to level 2!
It was a potion of curing.
You feel better.
The orc hits Zordon with a +0 dagger.
Zordon barely misses the orc.
The orc hits you but does no damage.
You barely miss the orc. You headbutt the orc, but do no damage.
Your +3 long sword of Ru's Righteous Anger {spect, rPois Str+10 Int+2 Dex-3} hits the orc.
The scorpion stings you.
The orc priest calls upon Beogh to heal the orc.
The orc's wounds heal themselves!
The orc completely misses Zordon.
The orc hits your +3 long sword of Ru's Righteous Anger {spect, rPois Str+10 Int+2 Dex-3} with a +0 club.
Your spectral weapon shares its damage with you!
Zordon closely misses the orc.
The scorpion barely misses you.
You barely miss the orc.
Your +3 long sword of Ru's Righteous Anger {spect, rPois Str+10 Int+2 Dex-3} hits the orc.
Zordon misses the orc.
The orc hits Zordon with a +0 dagger.
The orc barely misses you. The scorpion barely misses you.
You hit the orc.
You kill the orc!
Your +3 long sword of Ru's Righteous Anger {spect, rPois Str+10 Int+2 Dex-3} disappears.
The scorpion stings you.
* * * LOW HITPOINT WARNING * * *
The orc barely misses Zordon.
Zordon completely misses the orc.
The orc priest mumbles some strange prayers to Beogh against you.
Beogh smites you!
* * * LOW HITPOINT WARNING * * *
The scorpion stings you.
You die...

## .# ## ##.#
.##..# #....#####
.
##..s.○)§.###s..
#..@o.)°).......
#..###o..<.......
.... #...R....###
#... #..###o..##
#.. #.. ..## #.
#.. .## . .. ## .


You could see the friendly Zordon the ancestor, a scorpion, an orc priest and 2
orcs.

Vanquished Creatures
  An ogre (D:4)
  A phantom (D:5)
  A scorpion (D:4)
  A jelly (D:5)
  A bombardier beetle (D:4)
  3 hounds
  3 orc priests
  Ijyb (D:3)
  Jessica (D:3)
  3 iguanas
  4 gnolls (D:5)
  3 adders
  A ribbon worm (D:2)
  A dart slug (D:1)
  14 orcs
  A bat (D:3)
  6 endoplasms
  8 giant cockroaches
  8 goblins
  6 hobgoblins
  3 jackals (D:4)
  3 kobolds
  6 quokkas
  7 ball pythons
  A frilled lizard (D:1)
  5 rats
93 creatures vanquished.

Vanquished Creatures (collateral kills)
  A bombardier beetle (D:5)
1 creature vanquished.

Vanquished Creatures (others)
  A human (D:3)
  47 foxfires
48 creatures vanquished.

Grand Total: 142 creatures vanquished

Notes
Turn   | Place    | Note
-------+----------+-------------------------------------------
     0 | D:1      | Sledge the Djinni Fire Elementalist began the quest for the
                  | Orb.
     0 | D:1      | Sledge set off with the following spells memorised:
                  | Foxfire, Scorch, Volatile Blastmotes, Inner Flame, Flame
                  | Wave.
     0 | D:1      | Reached XP level 1. HP: 15/15 MP: 0/0
    54 | D:1      | Reached XP level 2. HP: 19/21 MP: 0/0
   325 | D:1      | You are sucked into a shaft and drop 1 floor!
   406 | D:2      | Reached XP level 3. HP: 21/25 MP: 0/0
   406 | D:2      | Learned a level 1 spell: Kiss of Death
   724 | D:2      | Gained mutation: You have sharp fingernails. [potion of
                  | mutation]
   724 | D:2      | Gained mutation: Your skin changes colour to match your
                  | surroundings (Stealth+). [potion of mutation]
   724 | D:2      | Gained mutation: You are agile. (Dex +4, Str/Int -1)
                  | [potion of mutation]
   724 | D:2      | Gained mutation: Your spells are a little harder to cast,
                  | but a little more powerful. [potion of mutation]
   725 | D:2      | Lost mutation: You have sharp fingernails. [potion of
                  | mutation]
   725 | D:2      | Lost mutation: You are agile. (Dex +4, Str/Int -1) [potion
                  | of mutation]
   725 | D:2      | Lost mutation: Your skin changes colour to match your
                  | surroundings (Stealth+). [potion of mutation]
   725 | D:2      | Gained mutation: Your body sometimes deteriorates upon
                  | taking damage. [potion of mutation]
   725 | D:2      | Gained mutation: You have a pair of small horns on your
                  | head. [potion of mutation]
   746 | D:2      | Found a faded altar of an unknown god.
  1542 | D:1      | Reached XP level 4. HP: 31/31 MP: 0/0
  1841 | D:1      | Reached skill level 1 in Fighting
  1841 | D:1      | Reached skill level 1 in Armour
  1841 | D:1      | Reached skill level 1 in Unarmed Combat
  2249 | D:3      | Noticed Ijyb
  2260 | D:3      | Killed Ijyb
  2365 | D:3      | Noticed a human
  2366 | D:3      | Killed a human
  2537 | D:3      | Found a hazy altar of Hepliaklqana.
  2552 | D:3      | Became a worshipper of Hepliaklqana the Forgotten
  2639 | D:3      | Noticed Jessica
  2643 | D:3      | Killed Jessica
  2644 | D:3      | Reached skill level 1 in Maces & Flails
  2644 | D:3      | Reached XP level 5. HP: 31/33 MP: 0/0
  2644 | D:3      | Learned a level 2 spell: Lesser Beckoning
  2879 | D:4      | Found Bom Bir's Antique Weapon Boutique.
  3039 | D:4      | Reached XP level 6. HP: 35/42 MP: 0/0
  3197 | D:4      | Lost mutation: You have a pair of small horns on your head.
                  | [potion of mutation]
  3197 | D:4      | Lost mutation: Your spells are a little harder to cast, but
                  | a little more powerful. [potion of mutation]
  3197 | D:4      | Gained mutation: You have a pair of small horns on your
                  | head. [potion of mutation]
  3245 | D:4      | Reached skill level 1 in Evocations
  3427 | D:4      | Noticed an ogre
  3435 | D:4      | Killed an ogre
  3436 | D:4      | Reached XP level 7. HP: 41/46 MP: 0/0
  3436 | D:4      | Learned a level 3 spell: Tukima's Dance
  3617 | D:4      | Bought an ancient long sword for 178 gold pieces
  3617 | D:4      | Identified the +3 long sword of Ru's Righteous Anger
                  | {spect, rPois Str+10 Int+2 Dex-3} (You bought it in a shop
                  | on level 4 of the Dungeon)
  3635 | D:5      | Entered Level 5 of the Dungeon
  3865 | D:5      | Reached skill level 1 in Invocations
  3865 | D:5      | Reached skill level 1 in Shapeshifting
  3926 | D:5      | Reached * piety under Hepliaklqana
  4337 | D:5      | Identified the +6 hand axe of Courage {elec, *Rage Str+2
                  | Int+2}
  4539 | D:5      | Reached XP level 8. HP: 44/48 MP: 0/0
  4595 | D:6      | Reached skill level 1 in Long Blades
  4602 | D:6      | HP: 2/49 [orc priest/divine providence (12)]
  4602 | D:6      | Slain by a scorpion

Illustrated notes

Levels and vault maps discovered:
D:1:      nicolae_arrival_memento_mori, layout_basic, minmay_tromino_v4_b
D:2:      layout_basic, hellmonk_ecumenical_altar_defaced_shrine,
          minmay_misc_feat_rows
D:3:      layout_loops_ring, tgw_kikubaaqudgha,
          mainiacjoe_overflow_small_starburst, uniq_ijyb, uniq_jessica
D:4:      layout_basic, serial_shops, shop, interstate_on_off
D:5:      layout_loops_ring
D:6:      layout_layer_cave, nicolae_overflow_squiral,
          minmay_temple_entry_ruins, gup_sewer_entry_bowl, uniq_pikel

Skill      XL: |  1  2  3  4  5  6  7  8 |
---------------+-------------------------+-----
Stealth        | 2 3 |  3.0
Fighting       | 1 2 |  2.3
Armour         | 1 2 |  2.4
Unarmed Combat | 1 2 |  2.4
Maces & Flails | 1 |  1.9
Dodging        | 3 |  3.8
Evocations     | 1 2 |  2.0
Invocations    | 1 |  1.6
Shapeshifting  | 1 |  1.2
Long Blades    | 1 |  1.2
Spellcasting   | |  3.7
Conjurations   | |  3.7
Hexes          | |  3.7
Summonings     | |  3.7
Necromancy     | |  3.7
Translocations | |  3.7
Fire Magic     | |  3.7
Ice Magic      | |  3.7
Air Magic      | |  3.7
Earth Magic    | |  3.7
Alchemy        | |  3.7

Action                     |  1- 3 |  4- 6 |  7- 9 || total
---------------------------+-------+-------+-------++-------
  Melee: Whip              |    17 |    38 |     2 ||    57
         Headbutt          |     1 |     4 |     4 ||     9
         Punch             |     1 |       |     1 ||     2
         Long sword        |       |       |    27 ||    27
   Cast: Foxfire           |    19 |     8 |     5 ||    32
         Scorch            |    20 |    16 |    11 ||    47
         Kiss of Death     |       |     2 |       ||     2
         Flame Wave        |       |       |     1 ||     1
         Inner Flame       |       |       |     1 ||     1
 Invoke: Ancestor Identity |       |       |     1 ||     1
  Evoke: Wand              |       |       |     1 ||     1
    Use: Scroll            |     4 |     6 |     3 ||    13
         Potion            |     2 |     1 |     1 ||     4
   Stab: Sleeping          |     2 |     4 |     1 ||     7
 Armour: Robe              |    12 |    15 |    31 ||    58
  Dodge: Dodged            |    39 |    30 |    34 ||   103
